 Dungeon Crawl Stone Soup version 0.29-a0-321-gf1c400731a (webtiles) character file.

Game seed: 2204579926772723835

23 dianekeaton the Chopper (level 3, -1/31 HPs)
             Began as a Hill Orc Fighter on Apr 5, 2022.
             Slain by Sigmund
             ... wielding a +0 scythe
              (8 damage)
             ... on level 2 of the Dungeon.
             The game lasted 00:01:19 (400 turns).

dianekeaton the Chopper (Hill Orc Fighter)           Turns: 400, Time: 00:01:19

Health: -1/31      AC:  6    Str: 20    XL:     3   Next: 0%
Magic:  3/3        EV:  9    Int:  8    God:
Gold:   17         SH:  4    Dex: 10    Spells: 2/2 levels left

rFire   . . .      SeeInvis .   a - +0 war axe
rCold   . . .      Faith    .   c - +0 buckler
rNeg    . . .      Spirit   .   b - +0 scale mail
rPois   .          Reflect  .   (no helmet)
rElec   .          Harm     .   (no cloak)
rCorr   .          Rampage  .   (no gloves)
Will    .....                   (no boots)
Stlth   ..........              (no amulet)
HPRegen 0.10/turn               (no ring)
MPRegen 0.08/turn               (no ring)

@: no status effects
A: no striking features
a: no special abilities


You were on level 2 of the Dungeon.
You visited 1 branch of the dungeon, and saw 2 of its levels.

You collected 17 gold pieces.

Inventory:

Hand Weapons
 a - a +0 war axe (weapon)
 f - a +4 great mace
Armour
 b - a +0 scale mail (worn)
 c - a +0 buckler (worn)
Jewellery
 e - a ring of positive energy
Scrolls
 g - a scroll of fog {unknown}
 h - a scroll of immolation {unknown}
 i - a scroll of teleportation {unknown}
Potions
 d - a potion of might
 j - a potion of ambrosia {unknown}


   Skills:
 - Level 3.6 Fighting
 + Level 4.3 Axes
 - Level 3.2 Armour
 + Level 0.3 Dodging
 - Level 3.2 Shields


You had 2 spell levels left.
You didn't know any spells.
Your spell library was empty.

Dungeon Overview and Level Annotations

Branches:
Dungeon (1/15)

Altars:

Annotations:
D:2 Sigmund


Message History

Sigmund casts a spell at you. You resist with significant effort.
There is an open door here.
You hit the worm.
The worm is moderately wounded.
The worm bites you.
You slash the worm!
The worm is severely wounded.
Sigmund hits you from afar with a +0 scythe!
Sigmund gestures at you while chanting. The magic dart hits you.
Sigmund points at you and mumbles some strange words.
The puff of flame hits you!
* * * LOW HITPOINT WARNING * * *
There is an open door here.
Sigmund screams, "I am the angel of ZOT!!!"
Sigmund looks at you with fury.
It was a potion of invisibility.
You fade into invisibility!
Sigmund casts a spell past the worm.
The magic dart hits you.
* * * LOW HITPOINT WARNING * * *
Sigmund points at the worm and mumbles some strange words.
There is an open door here.
Sigmund says, "Look into my eyes."
Sigmund gestures at something while chanting.
There is an open door here.
Sigmund points at something and mumbles some strange words.
Found a runed great mace.
You flicker for a moment.
Sigmund laughs darkly.
You see here a +4 great mace.
f - a +4 great mace You flicker back into view.
Sigmund flickers, as though insubstantial.
Found a scroll labelled VAIZAZY URIG.
Sigmund looks at you with fury. Sigmund barely misses you.
Sigmund hits you from afar with a +0 scythe!
You die...

#.....#.###.###...##
######.# #.......#
.# ##'## #....@.#
#.....#.#
####.######.######
##...###.. #.....
..#.# ##.## ###
#[#.## #.#.# #.#
##....###.#.# ...
#..@........# #####
#.....##..###
#@.#..##..#
#..#..##..#
...........#
.##?##.###.## #
#.##.# #.# #.##.#
#.# #.. ###


You could see Sigmund.

Vanquished Creatures
  An adder (D:2)
  A bat (D:2)
  2 endoplasms (D:1)
  A giant cockroach (D:1)
  3 goblins
  2 hobgoblins
  A ball python (D:1)
  2 rats
13 creatures vanquished.

Notes
Turn   | Place    | Note
-------+----------+-------------------------------------------
     0 | D:1      | dianekeaton the Hill Orc Fighter began the quest for the
                  | Orb.
     0 | D:1      | Reached XP level 1. HP: 19/19 MP: 1/1
    58 | D:1      | Reached skill level 3 in Axes
    98 | D:1      | Reached XP level 2. HP: 26/26 MP: 2/2
   120 | D:1      | You fall into a shaft and drop 1 floor!
   180 | D:2      | Reached skill level 4 in Axes
   199 | D:2      | Reached XP level 3. HP: 21/31 MP: 3/3
   324 | D:2      | Noticed Sigmund
   400 | D:2      | Slain by Sigmund

Illustrated notes

Levels and vault maps discovered:
D:1:      amcnicky_arrival_gap_in_the_tavern_cellar, layout_rooms, serial_shops,
          shop, hellmonk_ecumenical_altar_heavens_door
D:2:      layout_loops_corners, uniq_sigmund

Skill      XL: |  1  2 |
---------------+-------+-----
Axes           | 3 4 |  4.3
Fighting       | |  3.6
Armour         | |  3.2
Dodging        | |  0.3
Shields        | |  3.2

Action                   || total
-------------------------++-------
Melee: War axe           ||    39
  Use: Potion            ||     1
Armor: Scale mail        ||    20
Dodge: Dodged            ||    22
Block: Buckler           ||    12

Table legend: (Time is in decaauts)
 A = Elapsed time spent in this place.
 B = Non-inter-level travel time spent in this place.
 C = Inter-level travel time spent in this place.
 D = Time resting spent in this place.
 E = Time spent auto-exploring this place.
 F = Levels seen in this place.
 G = Mean time per level.
                   A        B        C        D        E       F      G
               +--------+--------+--------+--------+--------+-----+--------+
         Total |    414 |    414 |      0 |    104 |    141 |   2 |  207.0 |
       Dungeon |    414 |    414 |      0 |    104 |    141 |   2 |  207.0 |
               +--------+--------+--------+--------+--------+-----+--------+

Top non-repeatable levels by time:
     D:2: 287 daAuts
     D:1: 127 daAuts
